 Dungeon Crawl Stone Soup version 0.27.1-34-g3ba077fa99 (webtiles) character file.

Game seed: 9310989239865322149

1624 growler the Zephyrmancer (level 8, -8/41 HPs)
             Began as a Tengu Air Elementalist on Jan 18, 2022.
             Was an Initiate of Vehumet.
             Killed from afar by Harold (13 damage)
             ... with a harpoon shot
             ... on level 6 of the Dungeon.
             The game lasted 00:17:55 (8933 turns).

growler the Zephyrmancer (Tengu Air Elementalist)   Turns: 8933, Time: 00:17:55

Health: -8/41      AC:  6    Str:  8    XL:     8   Next: 97%
Magic:  14/16      EV: 14    Int: 18    God:    Vehumet [......]
Gold:   250        SH:  0    Dex: 15    Spells: 7/17 levels left

rFire    . . .     SeeInvis .   (no weapon)
rCold    . . .     Faith    .   (no shield)
rNeg     . . .     Spirit   .   a - +0 robe
rPois    .         Reflect  .   s - +1 hat
rElec    .         Harm     .   h - +0 cloak
rCorr    .         Rampage  .   u - +1 pair of gloves
Will     .....                  (boots unavailable)
Stlth    ++........             (no amulet)
HPRegen  0.13/turn              (no ring)
MPRegen  0.15/turn              (no ring)

@: marked, flying quickly and evasively, quick
A: beak, talons 3, nimble flight
a: Renounce Religion


You were on level 6 of the Dungeon.
You worshipped Vehumet.
Vehumet was noncommittal.
You visited 2 branches of the dungeon, and saw 8 of its levels.

You collected 250 gold pieces.

Inventory:

Armour
 a - a +0 robe (worn)
 h - a +0 cloak (worn)
   (You found it on level 1 of the Dungeon)
 m - a +0 tower shield
   (You found it on level 3 of the Dungeon)
 s - a +1 hat (worn)
   (You found it on level 5 of the Dungeon)
 u - a +1 pair of gloves (worn)
   (You found it on level 5 of the Dungeon)
Jewellery
 i - a ring of resist corrosion
   (You found it on level 1 of the Dungeon)
 x - an amulet of the acrobat
   (You found it on level 6 of the Dungeon)
Wands
 t - a wand of flame (12)
   (You took it off Ijyb on level 4 of the Dungeon)
 v - a wand of digging (6)
   (You found it on level 4 of the Dungeon)
 z - a wand of polymorph (8)
   (You found it on level 6 of the Dungeon)
Scrolls
 c - a scroll of immolation {unknown}
 j - a scroll of teleportation {@r4}
 l - 3 scrolls of magic mapping
 o - a scroll of fog {unknown}
 p - a scroll of amnesia {unknown}
 r - a scroll of identify {@r1}
 y - a scroll of noise {unknown}
Potions
 b - 3 potions of curing {unknown}
 d - a potion of heal wounds {unknown}
 e - 2 potions of degeneration {!q}
 f - a potion of magic
 g - a potion of brilliance {unknown}
 k - 2 potions of mutation {!q}
 n - 3 potions of flight
 q - 3 potions of berserk rage {unknown}
 w - a potion of haste {unknown}


   Skills:
 - Level 2.1 Dodging
 - Level 2.0 Stealth
 - Level 5.0 Spellcasting
 - Level 9.0 Conjurations
 + Level 10.0 Air Magic


You had 7 spell levels left.
You knew the following spells:

 Your Spells              Type           Power      Damage    Failure   Level
a - Shock                 Conj/Air       100%       1d9       1%          1
b - Airstrike             Air            20%        N/A       2%          4
d - Static Discharge      Conj/Air       38%        N/A       1%          2
s - Swiftness             Air            40%        N/A       1%          3

Your spell library contained the following spells:

 Spells                   Type           Power      Damage    Failure   Level
 Foxfire                  Conj/Fire      80%        2x1d8     1%          1


Dungeon Overview and Level Annotations

Branches:
Dungeon (7/15)             Temple (1/1) D:4

Altars:
Ashenzari
Cheibriados
Dithmenos
Elyvilon
Hepliaklqana
Kikubaaqudgha
Makhleb
Nemelex Xobeh
Okawaru
Qazlal
Ru
Trog
Uskayaw
Vehumet
Wu Jian
Yredelemnul
Zin
The Shining One

Portals:
Abyss: D:4

Annotations:
D:4 2 transporters, cbfl8's ghost, weakling MiDe
D:6 Harold


Innate Abilities, Weirdness & Mutations

You have a beak for a mouth.
You have claws for feet.
Your magical nature lets you fly swiftly and evasively.


Message History

There is a stone staircase leading up here.
Aim: Harold, wielding a +0 hand axe, wearing a +3 scale mail of poison resistance and quivering 2 throwing nets The air twists around and strikes Harold!
The gnoll shouts!
You hear a shout!
A gnoll sergeant comes into view. It is wielding a +2 vampiric trident.
Harold points at you and mumbles some strange words.
A sentinel's mark forms upon you.
You fly upwards.
There is a stone staircase leading down here.
Aim: Harold, wielding a +0 hand axe, wearing a +3 scale mail of poison resistance and quivering 2 throwing nets (lightly wounded)
Okay, then.
Harold is struck by an arc of lightning!
You are struck by an arc of lightning.
Harold is struck by an arc of lightning.
The lightning grounds out.
Harold hits you with a +0 hand axe!
Harold is struck by an arc of lightning.
The lightning grounds out.
Harold hits you with a +0 hand axe!
* * * LOW HITPOINT WARNING * * *
There is a stone staircase leading down, spattered with blood here.
Harold gestures at you while chanting. The mark upon you grows brighter.
There is an open door here.
Harold asks, "Do you mind if I name my boat the 'growler'?
Your head will be paying for it, after all."
Harold fires a harpoon shot at you. The harpoon shot hits you!
* * * LOW HITPOINT WARNING * * *
You are yanked forward by the harpoon shot.
There is an open door here.
Okay, then.
Harold resists with almost no effort.
Harold says, "This is so exciting!
What a great way to end my career!"
Harold closely misses you.
Harold throws a throwing net.
The throwing net closely misses you.
Harold throws a throwing net.
The throwing net hits you.
You become entangled in the net!
You see here a throwing net {!f}.
You struggle against the net.
Harold points at you and mumbles some strange words.
The mark upon you grows brighter.
You tear a large gash into the net.
You shred the net and break free! Harold casts a spell at you.
The mark upon you grows brighter. Harold gestures at you while chanting.
The mark upon you grows brighter.
There is an open door here.
You see here a throwing net {!f}.
Harold fires a harpoon shot at you. The harpoon shot hits you!
You die...

..## #...#.###.# #....... ###
##........####### #.######
#.##...........# #.##.P..
#.############.# #.###... ##'##
#.## #.###### # ##...## #..##
#..##... # ##.....##
####...####.##.## # ##.......##
##........##......
###.........####@.._..._.####....
..'.......@.(....................
###.........####.....⌠....#......
# ##.......## #..........#......
# ##.....## #..._..._.####...# #
##...## ###.......# #...# # ##'##
###...### ##.## ##### #.# #.###
#.# ....# #.# ##(# #.#


You could see Harold.

Vanquished Creatures
  A troll (D:5)
  Grinder (D:4)
  Sigmund (D:4)
  A wyvern (D:5)
  Duvessa (D:4)
  A sky beast (D:6)
  A centaur (D:6)
  2 scorpions
  Dowan (D:4)
  A centaur skeleton (D:3)
  An orc priest (D:4)
  3 hounds
  2 bullfrog skeletons
  Ijyb (D:4)
  2 iguanas (D:6)
  2 orc wizards
  A howler monkey skeleton (D:5)
  3 adders
  A white imp (D:5)
  An ufetubus (D:6)
  An adder zombie (D:5)
  14 orcs
  An endoplasm (D:1)
  2 giant cockroaches (D:1)
  8 hobgoblins
  7 jackals
  A quokka (D:1)
  9 ball pythons
  4 bats
  7 frilled lizards
  5 goblins
  15 kobolds
  3 rats
105 creatures vanquished.

Vanquished Creatures (others)
  18 fungi (D:6)
18 creatures vanquished.

Grand Total: 123 creatures vanquished

Notes
Turn   | Place    | Note
-------+----------+-------------------------------------------
     0 | D:1      | growler the Tengu Air Elementalist began the quest for the
                  | Orb.
     0 | D:1      | Reached XP level 1. HP: 10/10 MP: 4/4
   409 | D:1      | Reached XP level 2. HP: 15/15 MP: 3/6
   412 | D:1      | Learned a level 2 spell: Static Discharge
  1003 | D:1      | Reached XP level 3. HP: 19/19 MP: 5/7
  1185 | D:2      | Found a faded altar of an unknown god.
  1239 | D:2      | Learned a level 3 spell: Swiftness
  2230 | D:3      | Reached skill level 5 in Air Magic
  2230 | D:3      | Reached XP level 4. HP: 11/24 MP: 0/9
  3170 | D:4      | Gained mutation: Your magical nature lets you fly swiftly
                  | and evasively. [Tengu growth]
  3170 | D:4      | Reached XP level 5. HP: 6/28 MP: 1/10
  3472 | D:4      | Found a staircase to the Ecumenical Temple.
  3480 | Temple   | Entered the Ecumenical Temple
  3684 | Temple   | Became a worshipper of Vehumet
  3742 | D:4      | Found a transporter.
  3744 | D:4      | Found a transporter.
  3864 | D:4      | Found a one-way gate to the infinite horrors of the Abyss.
  3864 | D:4      | Noticed cbfl8's ghost (weakling MiDe)
  4083 | D:4      | Noticed Duvessa
  4083 | D:4      | Noticed Dowan
  4563 | D:4      | Noticed Ijyb
  4572 | D:4      | Killed Ijyb
  4573 | D:4      | Reached skill level 6 in Air Magic
  4573 | D:4      | Reached XP level 6. HP: 16/32 MP: 3/12
  4821 | D:4      | Noticed Sigmund
  4845 | D:5      | Entered Level 5 of the Dungeon
  4905 | D:5      | Learned a level 4 spell: Airstrike
  4992 | D:5      | Reached skill level 5 in Conjurations
  5078 | D:5      | Noticed a wyvern
  5085 | D:5      | Killed a wyvern
  5086 | D:5      | Reached XP level 7. HP: 20/36 MP: 2/14
  5441 | D:5      | Identified the +1 scale mail of the Realm of Zot {Str+4
                  | Dex+2}
  5504 | D:5      | Reached skill level 7 in Air Magic
  5612 | D:5      | Noticed a troll
  5911 | D:4      | Killed Dowan
  6431 | D:6      | Found a sacrificial altar of Ru.
  6431 | D:6      | Found a stormy altar of Qazlal.
  6431 | D:6      | Found a basalt altar of Yredelemnul.
  6431 | D:6      | Found a hide-covered altar of Uskayaw.
  6826 | D:6      | Reached * piety under Vehumet
  6826 | D:6      | Offered knowledge of Foxfire by Vehumet.
  7323 | D:6      | Reached XP level 8. HP: 33/41 MP: 9/16
  7601 | D:6      | Reached skill level 5 in Spellcasting
  7726 | D:6      | Reached skill level 8 in Air Magic
  7780 | D:6      | Found a glowing silver altar of Zin.
  7961 | D:5      | Killed a troll
  8101 | D:4      | Killed Sigmund
  8102 | D:4      | Reached skill level 9 in Air Magic
  8312 | D:4      | Killed Duvessa
  8587 | D:4      | Noticed Grinder
  8591 | D:4      | Killed Grinder
  8592 | D:4      | Reached skill level 10 in Air Magic
  8887 | D:7      | Noticed Harold
  8933 | D:6      | Killed from afar by Harold

Illustrated notes

Levels and vault maps discovered:
D:1:      saegor_arrival_simple_d, layout_basic, minmay_misc_feat_tower
D:2:      layout_loops_ring, hellmonk_ecumenical_altar_zigzags, st_stairs_6,
          minmay_cut_off
D:3:      layout_basic, minmay_ruptured
D:4:      layout_basic, minmay_temple_entry_drinking_statues,
          gammafunk_ghost_abyssal_escape, uniq_grinder, uniq_sigmund, uniq_ijyb,
          uniq_duvessa
D:5:      layout_loops_cross, minivault_23
D:6:      layout_loops_corners, grunt_temple_overflow_open,
          mainiacjoe_overflow_alcove_2, serial_aquarium,
          aquarium_bridge_long_joined [aquarium_subvault_wall,
          aquarium_subvault_balcony, aquarium_subvault_wall,
          aquarium_subvault_wall, aquarium_subvault_bridge,
          aquarium_subvault_wall], aquarium_bridge_square
          [aquarium_subvault_window, aquarium_subvault_balcony,
          aquarium_subvault_bridge, aquarium_subvault_bridge],
          aquarium_window_corridor_3, aquarium_window_1, aquarium_window_fake,
          aquarium_view_2e
D:7:      layout_gridville, minmay_manual_moon, uniq_harold
Temple:   nicolae_temple_figure_eight

Skill      XL: |  1  2  3  4  5  6  7  8 |
---------------+-------------------------+-----
Conjurations   | 2 3 4 5 6 9 |  9.0
Air Magic      | 5 6 7 10 | 10.0
Spellcasting   | 3 4 5 |  5.0
Dodging        | |  2.1
Stealth        | |  2.0

Action                   |  1- 3 |  4- 6 |  7- 9 || total
-------------------------+-------+-------+-------++-------
Melee: Unarmed           |     8 |       |       ||     8
 Cast: Shock             |    74 |    96 |    38 ||   208
       Static Discharge  |     4 |    17 |    12 ||    33
       Airstrike         |       |       |    23 ||    23
Evoke: Wand              |       |       |     1 ||     1
  Use: Scroll            |       |     6 |       ||     6
Armor: Robe              |     4 |     1 |     3 ||     8
Dodge: Dodged            |    14 |    14 |    13 ||    41
